cohdb
Replays
Latest Replays
All Replays
Popular Replays
Top Player Replays
Match Explorer
How It Works
Community
CoH3 Stats
Reddit
Sign in to upload your games and track your stats! →
Sign in with Steam
Match 42119276
Unlisted
Match 42119276
Overview
Messages
Build Orders
End
Panzerpioneer Squad
Panzerpioneer Squad
250 Light Carrier
Panzergrenadier Squad
Construct Light Support Kompanie
Selects Battlefield Espionage Battlegroup
Panzergrenadier Squad
Combat Half-tracks
MG34 Team
Selects 250/3 Funkpanzerwagen
Construct Mechanized Kompanie
Support Armor Elements
Pak 38 Mechanized Group
StuG III D Assault Gun
Selects Anti-Tank Incendiary Munitions
Veteran Squad Leaders
2.5-tonne Medical Truck
Selects Sector Subterfuge Beacon
Selects Transfer Depots
Emergency Repair Kits
Vehicle Survival Package
StuG III D Assault Gun
Panzerpioneer Squad
Panzerjäger Mechanized Group
xizi20
Kitsuné
0
0
Comments
sign in to comment!
No comments posted yet!